 Dungeon Crawl Stone Soup version 0.20.1-1-g8b1a95d (webtiles) character file.

67 Freud the Magician (level 4, 0/32 HPs)
             Began as a Barachi Wizard on Aug 12, 2017.
             Succumbed to an adder's poison
             ... on level 2 of the Dungeon.
             The game lasted 00:41:30 (3332 turns).

Freud the Magician (Barachi Wizard)                 Turns: 3332, Time: 00:41:30

Health: 0/32       AC:  7    Str:  9    XL:     4   Next: 16%
Magic:  6/10       EV: 10    Int: 19    God:
Gold:   68         SH:  0    Dex:  6    Spells: 8/11 levels left

rFire    . . .     SeeInvis .   p - +0 club (curse)
rCold    . . .     Gourm    .   (no shield)
rNeg     . . .     Faith    .   o - +0 ring mail (curse)
rPois    .         Spirit   .   k - +0 helmet
rElec    .         Reflect  .   (no cloak)
rCorr    .         Harm     .   f - +0 pair of gloves
MR       +....                  (no boots)
Stlth    +.........             (no amulet)
Regen    0.1/turn               u - -4 ring of dexterity (curse)
MPRegen  0.2/turn               A - ring of protection from magic

@: lethally poisoned (0 -> -2), slow
A: +LOS, swims, slowness 1, strong legs 1
a: Hop


You were on level 2 of the Dungeon.
You were not hungry.

You visited 1 branch of the dungeon, and saw 3 of its levels.

You collected 68 gold pieces.

Inventory:

Hand Weapons
 a - a +0 spear
 b - a +0 hunting sling
 e - a +0 dagger
 h - a +0 short sword
 p - a cursed +0 club (weapon)
Missiles
 l - 84 stones (quivered)
Armour
 f - a +0 pair of gloves (worn)
 i - a +0 large shield
 j - a +0 robe
 k - a +0 helmet (worn)
 o - a cursed +0 ring mail (worn)
Jewellery
 g - an uncursed ring of ice
 u - a cursed -4 ring of dexterity (left hand)
 A - a ring of protection from magic (right hand)
Wands
 m - a wand of confusion (16/48)
Scrolls
 q - a scroll of teleportation
 r - a scroll of amnesia
Books
 c - a book of Minor Magic

   Spells                             Type                      Level
   a - Magic Dart                     Conjuration                  1
   b - Blink                          Translocation                2
   c - Call Imp                       Summoning                    2
   d - Slow                           Hexes                        2
   e - Conjure Flame                  Conjuration/Fire             3
   f - Mephitic Cloud                 Conjuration/Poison/Air       3
Comestibles
 d - 2 bread rations
 n - 2 royal jellies
 s - 3 fruits
 t - 2 chunks of flesh


   Skills:
 - Level 1.0 Fighting
 - Level 1.0 Armour
 - Level 2.6 Dodging
 - Level 1.7 Stealth
 - Level 4.0 Spellcasting
 + Level 2.5 Conjurations
   Level 1.2 Summonings
 - Level 1.1 Translocations


You had 8 spell levels left.
You knew the following spells:

 Your Spells              Type           Power        Failure   Level  Hunger
a - Magic Dart            Conj           ##..         14%         1    None
b - Blink                 Tloc           N/A          36%         2    ##.....


Dungeon Overview and Level Annotations

Branches:
Dungeon (3/15)

Altars:
Ashenzari


Innate Abilities, Weirdness & Mutations

Shadows flee at your approach. (+LOS)
You can swim through water.
You cover ground slowly.
You can hop short distances.


Message History

* * * LOW HITPOINT WARNING * * *
You feel sick.
* * * LOW HITPOINT WARNING * * *
You feel sick.
There is a lethal amount of poison in your body!
There is a lethal amount of poison in your body!
There is a lethal amount of poison in your body!
There is a lethal amount of poison in your body!
* * * LOW HITPOINT WARNING * * *
You feel sick.
* * * LOW HITPOINT WARNING * * *
You feel sick.
Your magical contamination has completely faded away.
* * * LOW HITPOINT WARNING * * *
You feel sick.
* * * LOW HITPOINT WARNING * * *
You feel sick.
* * * LOW HITPOINT WARNING * * *
You feel sick.
You die...

.........######
#.. ########.#
##.# #.# #.###.##
######.# #.##.##
########......#
#....#
#(.............
####.##
##.######.######
#..## ##.## #[#
#.#.###.########.#
#.##..@..........#
#.################
#.# ###########
#># #.........##
#w#
#####.#######...
#.# #...#.# ####
#.######.....#
#..........###
############


There were no monsters in sight!

Vanquished Creatures
  An adder (D:2)
  An ooze (D:1)
  2 worms (D:2)
  A dart slug (D:1)
  A leopard gecko (D:2)
  An orc (D:3)
  A giant cockroach (D:1)
  3 hobgoblins
  2 quokkas (D:2)
  7 bats
  4 frilled lizards
  8 goblins
  8 kobolds
  9 rats
49 creatures vanquished.

Notes
Turn   | Place    | Note
-------+----------+-------------------------------------------
     0 | D:1      | Freud the Barachi Wizard began the quest for the Orb.
     0 | D:1      | Reached XP level 1. HP: 13/13 MP: 4/4
    70 | D:1      | Found a shattered altar of Ashenzari.
   352 | D:1      | Reached XP level 2. HP: 4/19 MP: 0/6
   356 | D:1      | Learned a level 2 spell: Blink
  1134 | D:2      | Reached XP level 3. HP: 24/24 MP: 2/8
  1197 | D:1      | Learned a level 2 spell: Call Imp
  1202 | D:2      | Reached skill level 4 in Spellcasting
  1572 | D:2      | Reached skill level 1 in Armour
  2314 | D:1      | Reached skill level 1 in Fighting
  3258 | D:2      | Reached XP level 4. HP: 19/32 MP: 1/10
  3326 | D:2      | HP: 1/32 [poisoned by an adder]
  3332 | D:2      | Succumbed to an adder's poison

Skill      XL: |  1  2  3 |
---------------+----------+-----
Conjurations   | 2 |  2.5
Spellcasting   | 4 |  4.0
Armour         | 1 |  1.0
Fighting       | 1 |  1.0
Dodging        | |  2.6
Stealth        | |  1.7
Summonings     | |  1.2
Translocations | |  1.1

Action                   |  1- 3 |  4- 6 || total
-------------------------+-------+-------++-------
Melee: Spear             |    90 |       ||    90
       Club              |    40 |       ||    40
Throw: Stone             |     3 |       ||     3
 Cast: Magic Dart        |    87 |     5 ||    92
 Abil: Hop               |     9 |       ||     9
Evoke: Wand              |     1 |       ||     1
  Use: Scroll            |     4 |       ||     4
       Potion            |     1 |       ||     1
 Stab: Sleeping          |     1 |       ||     1
  Eat: Chunk             |     7 |     2 ||     9
Armor: Ring mail         |    50 |     1 ||    51
Dodge: Dodged            |    77 |     2 ||    79
